slyhack, chaotic male human Rogue ---------- ---------- ##.........| |.........#############|........| |......^^| ####|......... |........| # #------)--- |........| ### ######%ug@### |........| # )## -.------.- ### # ######### # ### # ### # ### # -.--- # # # |<..| ----.-.-# |...| |......|# |...| |......|# |...+ |......|# |...| |.......# ----- -------- slyhack the Pilferer Experience level: 11 Strength: 25 Dexterity: 17 Constitution: 16 Intelligence: 11 Wisdom: 11 Charisma: 8 Health: 0(83) Energy: 48(48) Def: 15 Gold: 184 Moves: 23831 Dungeon seed: C_2HfTyNbFZMnb3A Game ID: slyhack_1476208620 Your Inventory: Coins $ - 184 gold pieces Amulets j - an uncursed amulet of ESP (being worn) Weapons a - an uncursed +4 elven dagger named +3 (weapon in hand) b - 10 uncursed +0 daggers (in quiver) Armor e - an uncursed +0 dwarvish iron helm (being worn) n - a blessed +3 dwarvish cloak q - an uncursed +0 elven cloak (being worn) r - an uncursed +1 elven shield (being worn) z - an uncursed +0 pair of gauntlets of power (being worn) H - an uncursed +0 elven mithril-coat (being worn) Y - a blessed +1 pair of iron shoes (being worn) Comestibles u - 3 uncursed lizard corpses I - an uncursed tin of rothe meat Scrolls D - an uncursed scroll of teleportation E - an uncursed scroll of identify Rings G - a cursed ring of shock resistance Wands c - an uncursed wand of make invisible (0:6) p - an uncursed wand of slow monster (0:7) A - an uncursed wand of digging (0:4) F - an uncursed wand of opening (0:4) J - a cursed wand of sleep (0:6) O - an uncursed wand of magic missile (0:2) R - an uncursed wand of cancellation (0:3) Tools k - an uncursed skeleton key o - an uncursed magic lamp (lit) s - an uncursed +0 unicorn horn y - an uncursed stethoscope B - an uncursed bag of holding L - an uncursed leash (in use) M - an uncursed bag of holding P - an uncursed towel Q - an uncursed mirror Z - an uncursed bag of tricks (0:6) Gems X - an uncursed luckstone Contents of the bag of holding: 9880 gold pieces 10 uncursed +0 daggers an uncursed +3 dagger named +3 2 uncursed +0 elven daggers named +0 a blessed +1 alchemy smock an uncursed +0 dwarvish cloak an uncursed +0 dwarvish cloak an uncursed +0 pair of gauntlets of dexterity an uncursed banana an uncursed carrot an uncursed clove of garlic a cursed egg an uncursed fortune cookie a cursed fortune cookie an uncursed lizard corpse 2 uncursed tripe rations 2 uncursed scrolls of amnesia 2 uncursed scrolls of blank paper an uncursed scroll of enchant weapon an uncursed scroll of magic mapping an uncursed scroll of teleportation an uncursed potion of booze an uncursed potion of gain level an uncursed potion of healing an uncursed potion of object detection a blessed potion of oil an uncursed potion of paralysis a blessed potion of sleeping an uncursed potion of water an uncursed ring of levitation an uncursed ring of protection from shape changers an uncursed wand of cold (0:4) an uncursed wand of digging (0:5) an uncursed wand of light (0:10) an uncursed lock pick an uncursed magic marker (0:66) an uncursed magic marker (0:37) an uncursed oil lamp (0:1361) an uncursed +0 pick-axe an uncursed tallow candle (0:200) an uncursed tin whistle an uncursed +0 unicorn horn an uncursed +0 unicorn horn an uncursed +0 unicorn horn an uncursed fluorite stone an uncursed worthless piece of black glass an uncursed worthless piece of blue glass Spells and supernatural/magical abilities: Name Level Category Fail Memory W - pray for help -- divine ? -- Your skills at the end: Fighting Skills Weapon Skills dagger [Expert] short sword [Basic] Spellcasting Skills Final Attributes: You were piously aligned. You were sleep resistant. You were shock resistant. You were poison resistant. You were telepathic. You had automatic searching. You were stealthy. You were lucky. You had extra luck. Bad luck did not time out for you. Good luck did not time out for you. You are dead. Vanquished creatures: a ghost a queen bee 2 giant mimics a zruty 2 large mimics a baby long worm 2 stalkers 2 water elementals 4 wargs a winter wolf 5 small mimics a glass piercer a xan 2 quantum mechanics 4 trolls 2 wood golems a freezing sphere 2 flaming spheres a shocking sphere a tengu 2 leocrottas an energy vortex a cobra 3 wraiths an ettin zombie a leather golem a soldier 2 chameleons a crocodile a giant beetle a quivering blob 2 cockatrices a wolf 3 winter wolf cubs 3 lynxes 22 leprechauns an orc-captain a giant spider a scorpion 2 horses an ice vortex 2 black lights a forest centaur 4 gnome kings 2 orc mummies 3 brown puddings 2 owlbears a yeti 2 gold golems a werewolf 2 Green-elves 4 lizards 4 chickatrices 3 dogs 4 housecats a jaguar 3 dwarf lords 3 blue jellies 2 white unicorns 2 gray unicorns a dust vortex a raven 2 plains centaurs 2 snakes 3 apes a fire ant a bugbear 5 wood nymphs a mountain nymph 4 Uruk-hai 5 rock piercers 6 rock moles a pony 4 fog clouds 8 yellow lights 4 shriekers 12 gnome lords 3 gnomish wizards 2 black naga hatchlings 2 golden naga hatchlings 2 guardian naga hatchlings 3 gray oozes 9 elf zombies 2 ghouls 3 straw golems 3 paper golems a baby crocodile 12 giant ants 2 little dogs 11 floating eyes a kitten 13 dwarves a homunculus 2 kobold lords 8 hill orcs 14 rothes a rabid rat a centipede 4 giant bats 6 monkeys 2 orc zombies 8 dwarf zombies 2 wererats 4 werejackals 6 iguanas 19 killer bees 6 coyotes 5 gas spores 3 hobbits 9 manes 4 large kobolds 8 hobgoblins 7 giant rats 7 cave spiders 2 brown molds 5 yellow molds 3 green molds 6 red molds 34 gnomes 17 garter snakes 4 gnome zombies 16 geckos 16 jackals 3 kobolds 9 goblins 7 sewer rats 27 grid bugs 6 bats 9 lichens 5 kobold zombies 8 newts 569 creatures vanquished. Voluntary challenges: You had been an atheist until turn 8283. You used a wielded weapon 568 times, starting on turn 30. You read items or engraved 11 times, starting on turn 1330. You never genocided any monsters. You never polymorphed an object. You never changed form. You used no wishes. You never split a pudding. You wrote Elbereth's name 9 times, starting on turn 1330. You never violated your personal moral code. Dungeon overview: The Dungeons of Doom: levels 1 to 18 Level 1 a long staircase Level 2 a potion shop stairs to The Gnomish Mines Level 3 a general store Level 4 (stash) a fountain Level 5 a general store Level 6 a sink Level 7 many fountains Level 8 some fountains stairs to Sokoban Level 9 Level 10 (STASH) an altar to Mog, a fountain Level 11 a general store Level 12 (big room. bones. problems. [troll, fire ant, wwc(2), etc]) Level 13 portal to The Quest Level 14 Level 15 Level 16 Level 17 Level 18 <- You were here The Gnomish Mines: levels 3 to 7 Level 3 stairs to The Dungeons of Doom Level 4 Level 5 Level 6 (STASH) some shops, a temple to Kos, some fountains, a sink Level 7 The Quest: Level 1 portal to The Dungeons of Doom Sokoban: levels 4 to 7 Level 4 Level 5 Level 6 Level 7 stairs to The Dungeons of Doom History has recorded: On T:1 you entered the Dungeons of Doom to retrieve the Amulet of Yendor! On T:33 you reached level 2 of The Dungeons of Doom. On T:303 you reached level 3 of The Dungeons of Doom. On T:380 you reached level 1 of The Gnomish Mines. On T:518 you advanced to experience level 2. On T:716 you reached level 4 of The Dungeons of Doom. On T:839 you advanced to experience level 3. On T:1101 you reached level 6 of The Dungeons of Doom. On T:1331 you advanced to experience level 4. On T:2105 you reached level 7 of The Dungeons of Doom. On T:2157 you advanced to experience level 5. On T:2205 you reached level 8 of The Dungeons of Doom. On T:2328 you reached level 9 of The Dungeons of Doom. On T:2575 you reached level 4 of Sokoban. On T:2986 you reached level 3 of Sokoban. On T:3816 you advanced to experience level 6. On T:3848 you reached level 2 of Sokoban. On T:4545 you reached level 1 of Sokoban. On T:5229 you advanced to experience level 7. On T:7509 you advanced to experience level 8. On T:8043 you reached level 10 of The Dungeons of Doom. On T:8147 you reached level 11 of The Dungeons of Doom. On T:10974 you reached level 12 of The Dungeons of Doom. On T:11360 you advanced to experience level 9. On T:12530 you reached level 2 of The Gnomish Mines. On T:13270 you reached level 3 of The Gnomish Mines. On T:13532 you reached level 4 of The Gnomish Mines. On T:14622 you reached level 5 of The Gnomish Mines. On T:17895 you advanced to experience level 10. On T:18636 you advanced to experience level 11. On T:22256 you reached level 13 of The Dungeons of Doom. On T:22449 you reached level 1 of The Quest. On T:22749 you reached level 14 of The Dungeons of Doom. On T:22864 you reached level 15 of The Dungeons of Doom. On T:23584 you reached level 16 of The Dungeons of Doom. On T:23645 you reached level 17 of The Dungeons of Doom. On T:23661 you reached level 18 of The Dungeons of Doom. Score breakdown: Gold: 10064 (13616 points) Experience: 11 levels (17616 points) Exploration: 18 levels ( 36.73%) (17853 points) Discoveries: 20 items ( 6.71%) ( 7771 points) Valuables value: (no points given unless you survive) Artifact value: 0 ( 0 points) Variety of kills: 131 monsters ( 34.38%) (17591 points) Turncount: 23831 turns (-3661 points) Survival: died (score multiplied by 80%) Total score: 56628 Latest messages: The winged gargoyle misses the warhorse. The winged gargoyle hits! (2x) The winged gargoyle misses. (2x) The winged gargoyle hits! The winged gargoyle bites! You hit the winged gargoyle! The winged gargoyle hits! The winged gargoyle misses. (2x) You hit the winged gargoyle! The winged gargoyle just misses! The winged gargoyle hits! The winged gargoyle bites! You hit the winged gargoyle! The winged gargoyle misses. The winged gargoyle hits! The winged gargoyle bites! The winged gargoyle hits! (2x) The winged gargoyle bites! The winged gargoyle hits! (2x) You die... The bag of holding is empty. The bag of holding is empty. Final status: Goodbye slyhack the Rogue, killed by a winged gargoyle... You died in The Dungeons of Doom on dungeon level 18 with 56628 points, and 10064 pieces of gold, after 23831 moves. You were level 11 with a maximum of 83 hit points when you died.